 Dungeon Crawl Stone Soup version 0.26.0-18-gc5c842f807 (webtiles) character file.

Game seed: 14877485472939189910

1186 kaeus the Firebug (level 8, -3/41 HPs)
             Began as a Gargoyle Fire Elementalist on Jan 23, 2021.
             Was a Follower of the Shining One.
             Slain by Harold
             ... wielding a +3 battleaxe of electrocution
              (5 damage)
             ... on level 7 of the Dungeon.
             The game lasted 00:15:20 (8150 turns).

kaeus the Firebug (Gargoyle Fire Elementalist)      Turns: 8150, Time: 00:15:20

Health: -3/41      AC: 13    Str:  9 (11) XL:     8   Next: 42%
Magic:  10/15      EV: 12    Int: 18 (19) God:    the Shining One [*.....]
Gold:   201        SH:  0    Dex:  9 (10) Spells: 10/16 levels left

rFire    + . .     SeeInvis .   z - +4 dagger (protect)
rCold    + . .     Faith    .   (no shield)
rNeg     + . .     Spirit   .   c - +0 robe
rPois    ∞         Reflect  .   h - +2 hat
rElec    +         Harm     .   (no cloak)
rCorr    +         Rampage  .   (no gloves)
Will     +....                  a - +1 pair of boots
Stlth    +.........             (no amulet)
HPRegen  0.13/turn              y - ring of resist corrosion
MPRegen  0.14/turn              l - ring of willpower

@: mighty, resistant, glowing
A: big wings, yellow scales 1, negative energy resistance 1, electricity
resistance, unbreathing, petrification resistance, miasma immunity, AC +5
a: Fly, Renounce Religion


You were on level 7 of the Dungeon.
You worshipped the Shining One.
The Shining One was aware of your devotion.
You visited 1 branch of the dungeon, and saw 7 of its levels.

You collected 201 gold pieces.

Inventory:

Hand Weapons
 z - a +4 dagger of protection (weapon)
Armour
 a - a +1 pair of boots (worn)
 c - a +0 robe (worn)
 h - a +2 hat (worn)
Jewellery
 l - a ring of willpower (right hand)
 y - a ring of resist corrosion (left hand)
Wands
 v - a wand of paralysis (5)
 w - a wand of acid (7)
Scrolls
 e - 3 scrolls of identify
 i - 4 scrolls of remove curse
 j - 2 scrolls of teleportation
 k - 4 scrolls of amnesia
Potions
 b - 2 potions of degeneration
 d - 2 potions of attraction
 g - a potion of cancellation
 o - a potion of mutation
 p - a potion of might
 x - a potion of lignification {unknown}


   Skills:
 - Level 1.5 Dodging
 - Level 2.1 Stealth
 + Level 4.8 Spellcasting
 + Level 5.3 Conjurations
 * Level 7.6 Fire Magic


You had 10 spell levels left.
You knew the following spells:

 Your Spells              Type           Power        Failure   Level
a - Foxfire               Conj/Fire      100%         1%          1
b - Sticky Flame          Conj/Fire      27%          10%         4
c - Apportation           Tloc           8%           14%         1

Your spell library contained the following spells:

 Spells                   Type           Power        Failure   Level
 Conjure Flame            Conj/Fire      27%          2%          3
 Inner Flame              Hex/Fire       18%          9%          3
 Fireball                 Conj/Fire      13%          26%         5


Dungeon Overview and Level Annotations

Branches:
Dungeon (7/15)             Temple (0/1) D:6

Altars:
Dithmenos
Fedhas
Hepliaklqana
Kikubaaqudgha
Makhleb
Ru
Sif Muna
Vehumet
Wu Jian
Yredelemnul
The Shining One

Shops:
D:4 (   D:7 =

Annotations:
D:5 1 runed translucent door, Crazy Yiuf
D:7 Harold


Innate Abilities, Weirdness & Mutations

You are resistant to torment.
Your stone body is resilient. (AC +5)
You are immune to poison.
You resist negative energy. (rN+)
You are resistant to electric shocks. (rElec)
You can survive without breathing.
You are immune to petrification.
You are immune to miasma.
Your large and strong wings let you fly indefinitely.
You are partially covered in yellow scales. (AC +2)


Message History

You feel much better.
The orc shouts!
You regained 11 hp, and now have 23/41 hp.
It was a potion of cancellation.
You feel magically purged.
Harold hits you with a +3 battleaxe of electrocution.
An orc comes into view. It is wielding a +0 club.
The orc wizard completely misses you.
You take 5 damage, and have 18/41 hp.
It was a potion of might.
You feel very mighty all of a sudden.
Harold hits you with a +3 battleaxe of electrocution!
* * * LOW HITPOINT WARNING * * *
The orc wizard hits you but does no damage.
You take 16 damage, and have 2/41 hp.
MASSIVE DAMAGE!!
It was a potion of resistance.
You feel protected.
The orc shouts!
The orc wizard barely misses you.
Harold hits you with a +3 battleaxe of electrocution.
You die...

#...# #...######
######........#
............o.. ........o...#
#.# ............ ..#
#.#@.o..##.# ... #.#.@(.....#
#.# # #.#...#.#### #.######
#. #.#...# #.......
##.######.#...#.# #.#####.
#..<....#.......# ####...∩##.
#..#.......#.######....##....
......#.##.#.#...#.###.#####.
# #.........#..#...# #.#####.
#.#...#.##.#.#.....###.......


You could see Harold, an orc wizard and 2 orcs.

Vanquished Creatures
  A sky beast (D:7)
  An ogre (D:7)
  2 bullfrogs (D:6)
  A water moccasin skeleton (D:5)
  3 wights (D:6)
  10 orc wizards
  A hound (D:4)
  2 orc priests
  A bullfrog zombie (D:6)
  An iguana (D:5)
  Ijyb (D:5)
  2 worker ants
  A hound zombie (D:5)
  2 worker ant zombies
  A howler monkey skeleton (D:5)
  5 adders
  A shadow imp (D:5)
  A white imp (D:6)
  An ooze (D:1)
  A worm (D:5)
  4 leopard geckos
  23 orcs
  A ball python (D:4)
  4 giant cockroaches
  5 goblins
  4 hobgoblins
  4 jackals (D:3)
  6 quokkas
  4 bats
  A frilled lizard (D:1)
  7 kobolds
  A quokka zombie (D:5)
  3 rats
106 creatures vanquished.

Vanquished Creatures (others)
  374 foxfires
  3 fungi (D:5)
377 creatures vanquished.

Grand Total: 483 creatures vanquished

Notes
Turn   | Place    | Note
-------+----------+-------------------------------------------
     0 | D:1      | kaeus the Gargoyle Fire Elementalist began the quest for
                  | the Orb.
     0 | D:1      | Reached XP level 1. HP: 10/10 MP: 3/3
   896 | D:1      | Reached XP level 2. HP: 15/15 MP: 0/5
  1483 | D:2      | Reached XP level 3. HP: 19/19 MP: 0/6
  1867 | D:2      | Found a basalt altar of Yredelemnul.
  2821 | D:3      | Reached skill level 4 in Fire Magic
  2835 | D:3      | Reached XP level 4. HP: 16/24 MP: 5/7
  2989 | D:3      | Reached XP level 5. HP: 17/28 MP: 1/9
  3356 | D:3      | Found a burning altar of Makhleb.
  3356 | D:3      | Found a glowing golden altar of the Shining One.
  3361 | D:3      | Found a hazy altar of Hepliaklqana.
  3365 | D:3      | Found a shadowy altar of Dithmenos.
  3367 | D:3      | Found a blossoming altar of Fedhas.
  3373 | D:3      | Became a worshipper of the Shining One
  3632 | D:3      | Found an ornate altar of the Wu Jian Council.
  3632 | D:3      | Found a sacrificial altar of Ru.
  3894 | D:4      | Found Toreit's Weapon Shoppe.
  3980 | D:4      | Found a shimmering blue altar of Sif Muna.
  3981 | D:4      | Found an ancient bone altar of Kikubaaqudgha.
  3982 | D:4      | Found a radiant altar of Vehumet.
  3986 | D:4      | Identified Sif Muna's Grimoire of Dislocation
  3993 | D:4      | Learned a level 4 spell: Sticky Flame
  3995 | D:4      | Learned a level 1 spell: Apportation
  4037 | D:4      | Reached skill level 5 in Fire Magic
  4037 | D:4      | Reached XP level 6. HP: 32/32 MP: 5/10
  4454 | D:5      | Entered Level 5 of the Dungeon
  4704 | D:5      | Noticed Ijyb
  5120 | D:5      | Reached XP level 7. HP: 27/36 MP: 3/12
  5141 | D:5      | Reached skill level 6 in Fire Magic
  5450 | D:5      | Found a runed translucent door.
  5451 | D:5      | Noticed Crazy Yiuf
  5536 | D:5      | Killed Ijyb
  6564 | D:5      | Reached * piety under the Shining One
  6808 | D:6      | Found a staircase to the Ecumenical Temple.
  7136 | D:6      | Got an ichor-stained helmet
  7318 | D:5      | Identified the cursed -2 helmet of the Lich-sworn {+Inv
                  | Int+3} (You found it on level 6 of the Dungeon)
  7463 | D:6      | Reached XP level 8. HP: 41/41 MP: 10/14
  7509 | D:6      | Reached skill level 7 in Fire Magic
  7880 | D:6      | Reached skill level 5 in Conjurations
  7974 | D:7      | Found Xoofiv's Jewellery Shop.
  8123 | D:7      | Noticed Harold
  8141 | D:7      | Gained mutation: Your large and strong wings let you fly
                  | indefinitely. [potion of mutation]
  8141 | D:7      | Gained mutation: You are partially covered in yellow
                  | scales. (AC +2) [potion of mutation]
  8141 | D:7      | HP: 1/41 [Harold/+3 battleaxe of electrocution (3)]
  8149 | D:7      | HP: 2/41 [Harold/+3 battleaxe of electrocution (16)]
  8150 | D:7      | Slain by Harold

Illustrated notes

Levels and vault maps discovered:
D:1:      dpeg_arrival_simpleton_c, layout_basic
D:2:      layout_loops_cross, lemuel_doored_altar
D:3:      layout_basic, chequers_temple_overflow_minitemple,
          gammafunk_temple_overflow_statue, chequers_serial_rivers_small_a
D:4:      layout_rooms, grunt_temple_overflow_magic_moments, serial_shops,
          nicolae_shop_behind_doors, minivault_24
D:5:      layout_basic, uniq_ijyb, uniq_crazy_yiuf_cottage
D:6:      layout_basic, minmay_temple_entry_arrows, grunt_decor_mini_mirrors
D:7:      layout_loops_cross, serial_shops, shop, uniq_joseph, uniq_harold

Skill      XL: |  1  2  3  4  5  6  7  8 |
---------------+-------------------------+-----
Conjurations   | 2 3 4 5 |  5.3
Fire Magic     | 4 5 6 7 |  7.6
Spellcasting   | 3 4 |  4.8
Dodging        | |  1.5
Stealth        | |  2.1

Action                   |  1- 3 |  4- 6 |  7- 9 || total
-------------------------+-------+-------+-------++-------
Melee: Unarmed           |    12 |       |       ||    12
       Club              |     7 |       |       ||     7
       Dagger            |    27 |    83 |   134 ||   244
 Cast: Foxfire           |    70 |    82 |   102 ||   254
  Use: Potion            |       |     3 |     9 ||    12
       Scroll            |       |     1 |     9 ||    10
 Stab: Invisible         |       |     1 |       ||     1
Armor: Robe              |     3 |    29 |    65 ||    97
       Leather armour    |    18 |     9 |       ||    27
Dodge: Dodged            |    21 |    49 |    90 ||   160
